 Dungeon Crawl Stone Soup version 0.20.0-15-g7f486f2 (webtiles) character file.

10833 skittles the Destroyer (level 11, -4/74 HPs)
             Began as a White Draconian Fire Elementalist on June 11, 2017.
             Was a Priest of Vehumet.
             Hit by a large rock thrown by a cyclops (45 damage)
             ... on level 11 of the Dungeon.
             The game lasted 00:38:48 (15789 turns).

skittles the Destroyer (DrFE)                      Turns: 15789, Time: 00:38:48

Health: -4/74      AC: 10    Str: 16 (20) XL:     11   Next: 41%
Magic:  26/26      EV: 11    Int: 17 (19) God:    Vehumet [***...]
Gold:   592        SH:  0    Dex:  5 (11) Spells: 15/32 levels left

rFire    + . .     SeeInvis .   I - +9 trident of Soxud {venom, -Tele *Slow rPois Str+9}
rCold    + . .     Gourm    .   (no shield)
rNeg     . . .     Faith    .   (armour unavailable)
rPois    +         Spirit   .   (helmet restricted)
rElec    .         Reflect  .   (no cloak)
rCorr    .         Harm     +   B - +2 pair of gloves
MR       +....     NoTele   +   (no boots)
Stlth    +.........             u - amulet of harm
Regen    0.3/turn               x - ring of protection from magic
MPRegen  0.2/turn               G - ring of protection from fire

@: no status effects
A: breathe frost, unfitting armour, cold resistance 1, deterioration 2, mutation
resistance 1, screaming 1, cold-blooded, AC +7
a: Breathe Frost, Renounce Religion


You were on level 11 of the Dungeon.
You worshipped Vehumet.
Vehumet was most pleased with you.
You were not hungry.

You visited 1 branch of the dungeon, and saw 11 of its levels.

You collected 592 gold pieces.

Inventory:

Hand Weapons
 z - a +3 falchion of flaming
 I - the +9 trident of Soxud (weapon) {venom, -Tele *Slow rPois Str+9}
   (You found it on level 9 of the Dungeon)

   It poisons the flesh of those it strikes.
   It affects your strength (+9).
   It protects you from poison.
   It prevents most forms of teleportation.
   It may slow you when you take damage.
 L - a +0 rapier of speed
Missiles
 f - 5 poisoned javelins (quivered)
Armour
 k - a +0 buckler
 B - a +2 pair of gloves (worn)
Jewellery
 u - an amulet of harm (around neck)
 x - a ring of protection from magic (left hand)
 G - a ring of protection from fire (right hand)
 K - an uncursed ring of flight
Wands
 t - a wand of scattershot (4/9)
 y - a wand of confusion (15/48)
 E - a wand of flame (29/48)
 H - a wand of digging (15/24)
 M - a wand of iceblast (7/15)
 O - a wand of enslavement (13/24)
Scrolls
 c - 2 scrolls of blinking {unknown}
 d - 2 scrolls of enchant weapon {unknown}
 e - 3 scrolls of fear
 g - 4 scrolls of immolation
 o - 4 scrolls of teleportation
 q - 2 scrolls of magic mapping
 v - 5 scrolls of remove curse
 w - 5 scrolls of amnesia
Potions
 i - 4 potions of might
 j - 2 potions of brilliance
 m - a potion of heal wounds
 n - a potion of invisibility {unknown}
 p - 3 potions of curing
 r - 2 potions of haste
 A - 2 potions of flight
 F - a potion of berserk rage
Books
 a - a book of Flames

   Spells                             Type                      Level
   a - Flame Tongue                   Conjuration/Fire             1
   b - Throw Flame                    Conjuration/Fire             2
   c - Conjure Flame                  Conjuration/Fire             3
   d - Inner Flame                    Hexes/Fire                   3
   e - Sticky Flame                   Conjuration/Fire             4
   f - Fireball                       Conjuration/Fire             5
 s - a book of Callings

   Spells                             Type                      Level
   a - Summon Small Mammal            Summoning                    1
   b - Call Imp                       Summoning                    2
   c - Call Canine Familiar           Summoning                    3
   d - Summon Guardian Golem          Hexes/Summoning              3
   e - Summon Lightning Spire         Summoning/Air                4
   f - Summon Ice Beast               Ice/Summoning                4
 D - a book of Changes

   Spells                             Type                      Level
   a - Beastly Appendage              Transmutation                1
   b - Sticks to Snakes               Transmutation                2
   c - Spider Form                    Transmutation/Poison         3
   d - Ice Form                       Ice/Transmutation            4
   e - Blade Hands                    Transmutation                5
 N - a book of Air

   Spells                             Type                      Level
   a - Shock                          Conjuration/Air              1
   b - Swiftness                      Charms/Air                   2
   c - Static Discharge               Conjuration/Air              3
   d - Airstrike                      Air                          4
   e - Lightning Bolt                 Conjuration/Air              5
Miscellaneous
 J - a sack of spiders
Comestibles
 b - 6 bread rations
 h - 7 royal jellies
 l - 4 meat rations
 C - 3 fruits
 P - 13 chunks of flesh


   Skills:
 - Level 1.7 Dodging
 - Level 1.7 Stealth
 + Level 11.4 Spellcasting
 + Level 12.3 Conjurations
 - Level 4.3 Fire Magic


You had 15 spell levels left.
You knew the following spells:

 Your Spells              Type           Power        Failure   Level  Hunger
a - Flame Tongue          Conj/Fire      #####        1%          1    None
b - Conjure Flame         Conj/Fire      #####...     1%          3    None
c - Sticky Flame          Conj/Fire      #####...     1%          4    ##.....
d - Fireball              Conj/Fire      #####.....   1%          5    #####..
e - Freeze                Ice            #...         2%          1    None
f - Mephitic Cloud        Conj/Pois/Air  ###.....     1%          3    None


Dungeon Overview and Level Annotations

Branches:
Dungeon (11/15)            Temple (0/1) D:7            Lair (0/6) D:10
    Orc: D:9-12

Altars:
Ashenzari
Gozag
Hepliaklqana
Qazlal
Trog
Vehumet
Yredelemnul

Shops:
D:4 =   D:6 (   D:7 ?}?:


Innate Abilities, Weirdness & Mutations

You can breathe waves of freezing cold.
You can buffet flying creatures when you breathe cold.
Your icy white scales are hard. (AC +7)
You cannot fit into any form of body armour.
Your flesh is cold resistant. (rC+)
You are cold-blooded and may be slowed by cold attacks.
Your body often deteriorates upon taking damage.
You are somewhat resistant to further mutation.
You occasionally shout uncontrollably at your foes.


Message History

Things that are here:
a dagger; a scale mail; an orc corpse You butcher the orc corpse.
P - 15 chunks of flesh (gained 2)
Things that are here:
a dagger; a scale mail; an orc skeleton
Things that are here:
a dagger; a scale mail; an orc skeleton
h - 7 royal jellies (gained 1) Eating one of 15 chunks of flesh.
You eat one of the 15 chunks of flesh.
This raw flesh tastes terrible.
Some of the chunks of flesh in your inventory have rotted away.
The cyclops shouts!
The cyclops throws a large rock.
The large rock hits you!!
Your body deteriorates!
You feel dopey.
There is a stone staircase leading down, spattered with blood here.
You see here a large rock.
The cyclops throws a large rock.
The large rock hits you!!!
Ouch! That really hurt!
You die...

... #...#.....# .
#....C#...#.#...# #....
#...#.#...# #...# #...#.#...#
#...#.#...#.#...## ######
#...#.###'#.#..).. ..)((#
#.....#...#.#..... .###.#
#######.....#(..#.#..... .# #.#
#......@....#...#.#..... .###.#
#.......##..#(..#.......
.....#####...##..##..#..(#.......
.............##..##..#..(#.......
.......##............#..('......#
.......##............#####).....#
.......##........#..............#
.......##.............(..........
.......##........)....###........


You could see a cyclops.

Vanquished Creatures
  A hydra (D:8)
  The ghost of Dris the Basher, a novice MiFi of the Shining One (D:7)
  The ghost of kuniqs the Ducker, a novice VSVM of Uskayaw (D:9)
  A cyclops (D:11)
  A gargoyle (D:10)
  A centaur zombie (D:10)
  A komodo dragon (D:11)
  2 trolls (D:10)
  2 dream sheep (D:8)
  2 yaks (D:8)
  Eustachio (D:6)
  A wyvern (D:10)
  Duvessa (D:7)
  3 orc warriors
  4 ice beasts
  A black bear (D:9)
  3 sky beasts
  An eye of draining (D:11)
  A phantom (D:5)
  4 centaurs
  4 ogres
  5 wolves (D:10)
  A crocodile (D:10)
  4 big kobolds
  9 bullfrogs
  A water moccasin zombie (D:8)
  Dowan (D:7)
  14 killer bees
  6 scorpions
  A howler monkey (D:10)
  5 crimson imps
  A bullfrog zombie (D:8)
  A quasit (D:10)
  10 hounds
  3 jellies
  5 orc priests
  2 centaur skeletons
  12 worker ants
  Natasha (thrice) (D:3)
  5 orc wizards
  A killer bee zombie (D:5)
  4 hound zombies
  A mummy (D:11)
  A hound skeleton (D:9)
  A howler monkey zombie (D:5)
  A howler monkey skeleton (D:6)
  2 worker ant zombies
  6 gnolls
  19 adders
  2 shadow imps
  An ooze (D:1)
  An adder skeleton (D:5)
  An adder zombie (D:6)
  9 worms
  A dart slug (D:3)
  3 leopard geckos
  32 orcs
  A ball python (D:6)
  9 giant cockroaches
  6 goblins
  11 hobgoblins
  4 jackals
  10 kobolds
  5 quokkas
  11 bats
  8 frilled lizards
  2 kobold zombies (D:8)
  2 orc zombies (D:8)
  7 rats
  A spectral orc (D:4)
289 creatures vanquished.

Notes
Turn   | Place    | Note
-------+----------+-------------------------------------------
     0 | D:1      | skittles the Draconian Fire Elementalist began the quest for the Orb.
     0 | D:1      | Reached XP level 1. HP: 14/14 MP: 3/3
   151 | D:1      | Reached XP level 2. HP: 15/20 MP: 1/5
   664 | D:2      | Reached XP level 3. HP: 26/26 MP: 1/6
   812 | D:2      | Reached skill level 2 in Conjurations
  1156 | D:2      | Reached XP level 4. HP: 29/33 MP: 3/8
  1931 | D:3      | Found a shattered altar of Ashenzari.
  2065 | D:3      | HP: 1/33 [scorpion (5)]
  2067 | D:3      | Reached XP level 5. HP: 13/38 MP: 3/9
  2303 | D:3      | Learned a level 3 spell: Conjure Flame
  2308 | D:3      | Learned a level 4 spell: Sticky Flame
  2321 | D:3      | Noticed Natasha
  2705 | D:3      | Killed Natasha
  2705 | D:3      | Reached skill level 3 in Conjurations
  2982 | D:3      | Noticed Natasha
  2990 | D:3      | Killed Natasha
  3471 | D:3      | Noticed Natasha
  3479 | D:3      | Killed Natasha
  3479 | D:3      | Reached XP level 6. HP: 44/45 MP: 6/11
  4325 | D:4      | Found an opulent altar of Gozag.
  4526 | D:4      | Reached skill level 5 in Fire Magic
  4791 | D:4      | Reached skill level 4 in Conjurations
  4802 | D:4      | Found Vemops's Jewellery Boutique.
  4844 | D:4      | Your scales start taking on an icy white colour.
  4844 | D:4      | Reached XP level 7. HP: 50/50 MP: 2/13
  4844 | D:4      | Gained mutation: Your flesh is cold resistant. (rC+) [White Draconian growth]
  5082 | D:4      | Found a basalt altar of Yredelemnul.
  5101 | D:4      | Found a stormy altar of Qazlal.
  5192 | D:5      | Entered Level 5 of the Dungeon
  5577 | D:5      | Reached skill level 5 in Spellcasting
  5968 | D:5      | Reached skill level 5 in Conjurations
  6675 | D:6      | Found Onuilec's Antique Weapon Shop.
  6712 | D:6      | Reached XP level 8. HP: 40/57 MP: 3/16
  6825 | D:6      | Reached skill level 6 in Conjurations
  7179 | D:6      | Noticed Eustachio
  7186 | D:6      | Killed Eustachio
  7186 | D:6      | Reached skill level 7 in Conjurations
  7623 | D:7      | Found Nigi Vau's Gadget Shop.
  7747 | D:7      | Found a hazy altar of Hepliaklqana.
  7767 | D:7      | Noticed Duvessa
  7768 | D:7      | Noticed Dowan
  7787 | D:7      | Killed Dowan
  7923 | D:7      | Killed Duvessa
  7989 | D:7      | Reached XP level 9. HP: 39/62 MP: 13/20
  8152 | D:7      | Noticed Dris's ghost (novice MiFi)
  8747 | D:7      | Killed Dris's ghost
  8747 | D:7      | Reached skill level 8 in Conjurations
  8900 | D:7      | Found Gontoihy's Magic Scroll Boutique.
  9035 | D:7      | Found Jonoenk's Magic Scroll Shoppe.
  9047 | D:7      | Gained mutation: Your body sometimes deteriorates upon taking damage. [potion of mutation]
  9047 | D:7      | Gained mutation: Your body often deteriorates upon taking damage. [potion of mutation]
  9047 | D:7      | Gained mutation: You occasionally shout uncontrollably at your foes. [potion of mutation]
  9047 | D:7      | Gained mutation: You are somewhat resistant to further mutation. [potion of mutation]
  9314 | D:7      | Reached skill level 9 in Conjurations
  9612 | D:7      | Found Verchoadu's Book Shoppe.
  9734 | D:7      | Found a radiant altar of Vehumet.
  9789 | D:7      | Became a worshipper of Vehumet
  9924 | D:7      | Found a staircase to the Ecumenical Temple.
 10118 | D:8      | Reached XP level 10. HP: 65/69 MP: 5/23
 10228 | D:8      | Reached skill level 10 in Conjurations
 10389 | D:8      | Noticed a three-headed hydra
 10401 | D:8      | Killed a three-headed hydra
 11230 | D:8      | Found a bloodstained altar of Trog.
 11503 | D:8      | Reached skill level 10 in Spellcasting
 11506 | D:8      | Reached * piety under Vehumet
 11506 | D:8      | Offered knowledge of Freeze by Vehumet.
 11515 | D:8      | Learned a level 1 spell: Freeze
 11521 | D:8      | Learned a level 5 spell: Fireball
 12467 | D:9      | Reached skill level 11 in Conjurations
 12677 | D:9      | Got an iridescent trident
 12678 | D:9      | Identified the +9 trident of Soxud {venom, -Tele *Slow rPois Str+9} (You found it on level 9 of the Dungeon)
 12721 | D:9      | Noticed kuniqs's ghost (novice VSVM)
 12738 | D:9      | Killed kuniqs's ghost
 13805 | D:10     | Entered Level 10 of the Dungeon
 13852 | D:10     | Reached XP level 11. HP: 60/74 MP: 16/25
 13872 | D:10     | Offered knowledge of Sting by Vehumet.
 14149 | D:10     | Reached ** piety under Vehumet
 14245 | D:10     | Found a staircase to the Lair.
 15064 | D:11     | Reached skill level 12 in Conjurations
 15337 | D:11     | Offered knowledge of Mephitic Cloud by Vehumet.
 15342 | D:11     | Learned a level 3 spell: Mephitic Cloud
 15743 | D:11     | Reached *** piety under Vehumet
 15789 | D:11     | Hit by a large rock thrown by a cyclops

Skill      XL: |  1  2  3  4  5  6  7  8  9 10 11 |
---------------+----------------------------------+-----
Conjurations   | 2 3 4 5 7 9 11 12 | 12.3
Spellcasting   | 3 4 5 7 9 10 11 | 11.4
Fire Magic     | 4 4 |  4.3
Dodging        | |  1.7
Stealth        | |  1.7

Action                   |  1- 3 |  4- 6 |  7- 9 | 10-12 || total
-------------------------+-------+-------+-------+-------++-------
Melee: Unarmed           |    35 |       |       |       ||    35
       Dagger            |   103 |    88 |   230 |   103 ||   524
       Tailslap          |     6 |     7 |    19 |    22 ||    54
       Whip              |       |    32 |       |       ||    32
       War axe           |       |     4 |       |       ||     4
       Spear             |       |       |     5 |       ||     5
       Falchion          |       |       |       |   100 ||   100
       Trident           |       |       |       |   121 ||   121
 Cast: Flame Tongue      |    32 |   111 |    83 |    69 ||   295
       Sticky Flame      |       |     6 |    28 |    37 ||    71
       Conjure Flame     |       |       |     5 |     6 ||    11
       Fireball          |       |       |       |     1 ||     1
 Abil: Breathe Frost     |       |       |       |     2 ||     2
  Use: Potion            |     2 |     1 |     1 |       ||     4
       Scroll            |       |     6 |     3 |     2 ||    11
 Stab: Sleeping          |       |     3 |     6 |     3 ||    12
       Distracted        |       |     1 |       |       ||     1
  Eat: Chunk             |     1 |    13 |    17 |    13 ||    44
       Royal jelly       |       |       |     1 |     1 ||     2
       Fruit             |       |       |       |     9 ||     9
Armor: Skin              |    57 |    86 |   106 |   161 ||   410
Dodge: Dodged            |   129 |   137 |   162 |   222 ||   650
       Rpst.: Falchion   |       |       |       |    37 ||    37
